 Dungeon Sprint DCSS version 0.26-a0-649-gf8c6c3aab7 (webtiles) character file.

Game seed: 3319352757002328553

3560 sahdkjhfkaj the Eclecticist (level 9, 0/45 HPs)
             Began as a Deep Elf Conjurer on Sept 26, 2020.
             Was an Elder of Sif Muna.
             Slain by a five-headed hydra (3 damage)
             ... in the Dungeon (Sprint IX: "|||||||||||||||||||||||||||||").
             The game lasted 00:03:12 (1867 turns).

sahdkjhfkaj the Eclecticist (Deep Elf Conjurer)     Turns: 1867, Time: 00:03:13

Health: 0/45       AC:  9    Str:  4    XL:     9   Next: 83%
Magic:  25/33      EV:  9    Int: 33    God:    Sif Muna [****..]
Gold:   14         SH:  0    Dex: 16    Spells: 41/44 levels left

rFire    . . .     SeeInvis .   k - +2 scimitar (holy)
rCold    . . .     Faith    .   (no shield)
rNeg     . . .     Spirit   .   p - +1 scale mail
rPois    .         Reflect  .   a - +1 hat {Int+3}
rElec    .         Harm     .   (no cloak)
rCorr    .         Rampage  .   l - +0 pair of gloves
MR       .....     NoTele   +   (no boots)
Stlth    +.........             (no amulet)
HPRegen  0.15/turn              n - +3 ring of intelligence
MPRegen  0.23/turn              o - +3 ring of dexterity

@: no status effects
A: no striking features
a: Channel Magic, Forget Spell, Divine Exegesis, Renounce Religion


You were in the Dungeon.
You worshipped Sif Muna.
Sif Muna was greatly pleased with you.
You visited 1 branch You collected 14 gold pieces.

Inventory:

Hand Weapons
 k - a +2 scimitar of holy wrath (weapon)
Armour
 a - a +1 hat of intelligence (worn)
 l - a +0 pair of gloves (worn)
 p - a +1 scale mail (worn)
Jewellery
 n - a +3 ring of intelligence (left hand)
 o - a +3 ring of dexterity (right hand)
Wands
 j - a wand of acid (6)
Scrolls
 e - 5 scrolls of remove curse
 h - a scroll of blinking
 i - 2 scrolls of amnesia
 m - 2 scrolls of enchant weapon
 q - 2 scrolls of identify
Potions
 c - 9 potions of curing
 f - 4 potions of magic
 g - a potion of berserk rage
Miscellaneous
 b - a phial of floods


   Skills:
 + Level 17.0 Dodging
 - Level 2.4 Stealth
 + Level 18.3 Spellcasting
 - Level 10.2 Conjurations


You had 41 spell levels left.
You knew the following spells:

 Your Spells              Type           Power        Failure   Level
a - Magic Dart            Conj           ####         1%          1
b - Searing Ray           Conj           ######       1%          2

Your spell library contained the following spells:

 Spells                   Type           Power        Failure   Level
 Dazzling Flash           Conj/Hex       ######       19%         3
 Fulminant Prism          Conj/Hex       ######....   52%         4
 Iskenderun's Mystic Bla  Conj/Tloc      ######..     52%         4


Dungeon Overview and Level Annotations

Branches:
Dungeon (1/1)

Altars:
Cheibriados
Dithmenos
Elyvilon
Fedhas
Gozag
Hepliaklqana
Kikubaaqudgha
Makhleb
Nemelex Xobeh
Okawaru
Qazlal
Ru
Sif Muna
Trog
Uskayaw
Vehumet
Wu Jian
Xom
Yredelemnul
Zin
The Shining One
Beogh
Jiyva
Lugonu

Annotations:
D Maurice


Message History

The komodo dragon is moderately wounded.
The five-headed hydra bites you but does no damage. x2
The five-headed hydra bites you.
* * * LOW HITPOINT WARNING * * *
The five-headed hydra bites you but does no damage.
The five-headed hydra barely misses you.
Unknown command.
Unknown command.
Unknown command.
Unknown command.
Unknown command.
Unknown command.
Unknown command.
Unknown command.
You feel much better.
The five-headed hydra bites you but does no damage.
The five-headed hydra bites you! x2
* * * LOW HITPOINT WARNING * * *
The five-headed hydra bites you.
You die...

▓.▓.▓.▓
▓)▓.▓.▓
▓.▓.▓.▓
▓.▓.▓.▓
▓.▓.▓'▓
▓.▓.▓_▓
▓.▓.▓_▓
▓.▓.▓_▓
▓@▓.▓_▓
▓D▓.▓_▓
▓F▓.▓_▓
▓F▓.▓_▓
▓l▓.▓_▓
▓S▓.▓_▓
▓r▓.▓_▓
▓S▓.▓_▓
▓.▓_▓


You could see a five-headed hydra, a komodo dragon, 2 cane toads, 2 water
moccasins and a porcupine.

Vanquished Creatures
  Gastronok (D)
  An unseen horror (D)
  2 slime creatures (D)
  2 hippogriffs (D)
  A yak (D)
  A vampire mosquito (D)
  An orc warrior (D)
  An ice beast (D)
  A black bear (D)
  A centaur (D)
  A bullfrog (D)
  A wight (D)
  2 iguanas (D)
  A worker ant (D)
  A white imp (D)
  A worm (D)
  4 goblins (D)
  A frilled lizard (D)
24 creatures vanquished.

Notes
Turn   | Place    | Note
-------+----------+-------------------------------------------
     0 | D        | sahdkjhfkaj the Deep Elf Conjurer began the quest for the
                  | Orb.
     0 | D        | Reached XP level 1. HP: 10/10 MP: 6/6
     6 | D        | Reached skill level 5 in Conjurations
    70 | D        | Noticed an iguana
    70 | D        | Noticed a worker ant
    70 | D        | Noticed a centaur
    75 | D        | Reached skill level 4 in Spellcasting
    75 | D        | Reached XP level 2. HP: 15/15 MP: 2/9
    87 | D        | Learned a level 2 spell: Searing Ray
   153 | D        | Reached skill level 5 in Spellcasting
   153 | D        | Reached XP level 3. HP: 19/19 MP: 6/11
   155 | D        | Reached skill level 5 in Dodging
   155 | D        | Killed a centaur
   155 | D        | Reached skill level 7 in Spellcasting
   155 | D        | Reached XP level 4. HP: 20/24 MP: 3/15
   155 | D        | Reached XP level 5. HP: 23/28 MP: 3/16
   249 | D        | Found a roughly hewn altar of Beogh.
   249 | D        | Found a snail-covered altar of Cheibriados.
   249 | D        | Found a shadowy altar of Dithmenos.
   249 | D        | Found a white marble altar of Elyvilon.
   249 | D        | Found a blossoming altar of Fedhas.
   249 | D        | Found an opulent altar of Gozag.
   250 | D        | Found a hazy altar of Hepliaklqana.
   251 | D        | Found a viscous altar of Jiyva.
   252 | D        | Found an ancient bone altar of Kikubaaqudgha.
   253 | D        | Found a corrupted altar of Lugonu.
   254 | D        | Found a burning altar of Makhleb.
   255 | D        | Found a sparkling altar of Nemelex Xobeh.
   256 | D        | Found an iron altar of Okawaru.
   257 | D        | Found a stormy altar of Qazlal.
   258 | D        | Found a sacrificial altar of Ru.
   259 | D        | Found a shimmering blue altar of Sif Muna.
   260 | D        | Found a bloodstained altar of Trog.
   261 | D        | Found a hide-covered altar of Uskayaw.
   262 | D        | Found a radiant altar of Vehumet.
   263 | D        | Found an ornate altar of the Wu Jian Council.
   264 | D        | Found a shimmering altar of Xom.
   265 | D        | Found a basalt altar of Yredelemnul.
   266 | D        | Found a glowing silver altar of Zin.
   267 | D        | Became a worshipper of Sif Muna the Loreminder
   270 | D        | Found a glowing golden altar of the Shining One.
   323 | D        | Noticed an ice beast
   323 | D        | Noticed a black bear
   323 | D        | Noticed a hippogriff
   323 | D        | Noticed an orc warrior
   326 | D        | Reached skill level 8 in Spellcasting
   326 | D        | Reached skill level 10 in Conjurations
   326 | D        | Killed a black bear
   326 | D        | Reached skill level 9 in Spellcasting
   326 | D        | Reached XP level 6. HP: 24/32 MP: 14/20
   327 | D        | Killed an ice beast
   327 | D        | Reached * piety under Sif Muna
   327 | D        | Reached skill level 10 in Spellcasting
   329 | D        | Reached skill level 10 in Dodging
   331 | D        | Killed a hippogriff
   331 | D        | Reached skill level 12 in Spellcasting
   331 | D        | Reached XP level 7. HP: 28/36 MP: 9/24
   334 | D        | Reached ** piety under Sif Muna
   449 | D        | Noticed a slime creature
   449 | D        | Noticed a slime creature
   449 | D        | Noticed a yak
   449 | D        | Noticed a vampire mosquito
   453 | D        | Killed an unseen horror
   453 | D        | Reached skill level 14 in Spellcasting
   453 | D        | Reached XP level 8. HP: 27/41 MP: 22/28
   454 | D        | Killed a slime creature
   457 | D        | Killed a slime creature
   457 | D        | Reached *** piety under Sif Muna
   457 | D        | Reached skill level 15 in Spellcasting
   589 | D        | Noticed Gastronok
   630 | D        | Killed Gastronok
   630 | D        | Reached skill level 18 in Spellcasting
   630 | D        | Reached XP level 9. HP: 44/45 MP: 20/33
   735 | D        | Noticed Maurice
  1857 | D        | Noticed a cane toad
  1857 | D        | Noticed a cane toad
  1857 | D        | Noticed a five-headed hydra
  1857 | D        | Noticed a komodo dragon
  1861 | D        | Reached **** piety under Sif Muna
  1862 | D        | HP: 1/45 [five-headed hydra (11)]
  1867 | D        | Slain by a five-headed hydra

Illustrated notes

Levels and vault maps discovered:
D:        linesprint [early_d, line_temple, items_1, d_10, items_2, lair_1,
          lair_end, items_3, orc_1, orc_end, items_4, d_15, swamp_1, shoals_1,
          snake_1, spider_1, d_20, vaults_1, items_5, swamp_end, shoals_end,
          snake_end, spider_end, vaults_end, d_27, items_6, zot_1, zot_end,
          crypt_end, forest_end, elf_end, slime_end, tomb_end, abyss_end,
          pan_hell_end]

Skill      XL: |  1  2  3  4  5  6  7  8  9 |
---------------+----------------------------+-----
Dodging        | 3 4 6 8 11 13 16 17 | 17.0
Conjurations   | 5 6 9 10 | 10.2
Spellcasting   | 4 5 7 9 12 14 18 | 18.3
Stealth        | |  2.4

Action                   |  1- 3 |  4- 6 |  7- 9 || total
-------------------------+-------+-------+-------++-------
 Cast: Magic Dart        |    10 |       |       ||    10
       Searing Ray       |     1 |     3 |    14 ||    18
Evoke: Wand              |       |       |     4 ||     4
  Use: Potion            |     2 |       |     5 ||     7
Armor: Scale mail        |       |     2 |    16 ||    18
Dodge: Dodged            |     4 |       |    13 ||    17
       Rpst.: Scimitar   |       |       |     4 ||     4

Table legend: (Time is in decaauts)
 A = Elapsed time spent in this place.
 B = Non-inter-level travel time spent in this place.
 C = Inter-level travel time spent in this place.
 D = Time resting spent in this place.
 E = Time spent auto-exploring this place.
 F = Levels seen in this place.
 G = Mean time per level.
                   A        B        C        D        E       F      G
               +--------+--------+--------+--------+--------+-----+--------+
         Total |   1872 |   1872 |      0 |   1277 |    364 |   1 | 1872.0 |
       Dungeon |   1872 |   1872 |      0 |   1277 |    364 |   1 | 1872.0 |
               +--------+--------+--------+--------+--------+-----+--------+

Top non-repeatable levels by time:
       D: 1872 daAuts
